 Dungeon Crawl Stone Soup version 0.21-a0-414-gba8bdf1 (webtiles) character file.

72 Terrossi the Chopper (level 4, -3/40 HPs)
             Began as a Hill Orc Berserker on Nov 2, 2017.
             Was a Believer of Trog.
             Slain by a worm (10 damage)
             ... on level 3 of the Dungeon.
             The game lasted 00:16:57 (2318 turns).

Terrossi the Chopper (Hill Orc Berserker)           Turns: 2318, Time: 00:16:57

Health: -3/40      AC:  3    Str: 20    XL:     4   Next: 26%
Magic:  4/4        EV: 12    Int:  7    God:    Trog [**....]
Gold:   83         SH:  0    Dex: 10    Spells: 3/3 levels left

rFire    . . .     SeeInvis .   a - +0 hand axe
rCold    . . .     Gourm    .   (no shield)
rNeg     . . .     Faith    .   m - +0 leather armour
rPois    .         Spirit   .   (no helmet)
rElec    .         Reflect  .   (no cloak)
rCorr    .         Harm     .   (no gloves)
MR       .....                  (no boots)
Stlth    +.........             (no amulet)
HPRegen  0.13/turn              (no ring)
MPRegen  0.09/turn              (no ring)

@: lethally poisoned (-3 -> -5)
A: no striking features
a: Berserk, Trog's Hand, Burn Spellbooks, Renounce Religion


You were on level 3 of the Dungeon.
You worshipped Trog.
Trog was pleased with you.
You were not hungry.

You visited 1 branch of the dungeon, and saw 3 of its levels.

You collected 83 gold pieces.

Inventory:

Hand Weapons
 a - a +0 hand axe (weapon)
 f - a cursed -3 mace
Missiles
 d - 52 stones
 q - a throwing net
 w - a sling bullet (quivered)
Armour
 b - a +0 animal skin
 j - a +0 ring mail
 m - a +0 leather armour (worn)
Scrolls
 g - a scroll of noise {unknown}
 l - a scroll of remove curse {unknown}
 n - 2 scrolls of enchant weapon {unknown}
 t - 2 scrolls of recharging {unknown}
 u - a scroll of identify {unknown}
 v - a scroll of teleportation {unknown}
Potions
 e - 3 potions of heal wounds {unknown}
 i - a potion of resistance {unknown}
 k - a potion of might {unknown}
 o - a potion of curing {unknown}
 p - 4 potions of cancellation {unknown}
 r - a potion of berserk rage {unknown}
 s - 3 potions of brilliance {unknown}
Comestibles
 c - 3 bread rations
 h - a royal jelly


   Skills:
 + Level 4.3 Fighting
 + Level 4.8 Axes
 + Level 3.0 Armour
 + Level 2.2 Dodging


You had 3 spell levels left.
You didn't know any spells.

Dungeon Overview and Level Annotations

Branches:
Dungeon (3/15)

Altars:


Message History

The adder barely misses you. The adder bites you.
You are poisoned.
The adder poisons you!
You hit the adder.
The adder is lightly wounded.
You feel sick. The adder bites you.
You hit the adder.
The adder is moderately wounded.
The adder barely misses you. x2
You barely miss the adder.
The adder is moderately wounded.
You hit the worm.
You feel sick. The adder bites you but does no damage. The worm bites you!
* * * LOW HITPOINT WARNING * * *
You slash the adder!
You kill the adder!
Trog accepts your kill.
You hit the worm. The worm bites you!
You die...

######## #...!w.#
.. #.####@#
#####....
#(####.###.....[..
#.)(.(...†<#
#.##.#.#####
#.##.#..#
........(. #.
....#).#..≈#. #.
S##....≈≈≈≈≈ ..
#.#. #..#w≈≈≈≈≈≈ .


You could see a worm.

Vanquished Creatures
  2 adders
  A worm (D:3)
  A dart slug (D:1)
  2 leopard geckos
  4 giant cockroaches
  8 goblins
  4 hobgoblins
  A quokka (D:2)
  A ball python (D:2)
  7 bats
  3 frilled lizards
  8 kobolds
  5 rats
47 creatures vanquished.

Notes
Turn   | Place    | Note
-------+----------+-------------------------------------------
     0 | D:1      | Terrossi the Hill Orc Berserker began the quest for the Orb.
     0 | D:1      | Reached XP level 1. HP: 19/19 MP: 1/1
   250 | D:1      | Reached XP level 2. HP: 25/27 MP: 2/2
  1000 | D:1      | Reached XP level 3. HP: 33/33 MP: 3/3
  1418 | D:2      | Reached ** piety under Trog
  2224 | D:2      | Reached XP level 4. HP: 40/40 MP: 4/4
  2318 | D:3      | Slain by a worm

Vault maps used:
D:1:      dpeg_arrival_round_a
D:2:      nrook_mini_vaults, minmay_close_crescents
D:3:      cheibrodos_sewer_entry_drain, first_bread

Skill      XL: |  1  2  3  4 |
---------------+-------------+-----
Fighting       | 4 |  4.3
Dodging        | 2 |  2.2
Armour         | 3 |  3.0
Axes           | |  4.8

Action                   |  1- 3 |  4- 6 || total
-------------------------+-------+-------++-------
Melee: Hand axe          |    97 |    22 ||   119
Throw: Stone             |   118 |       ||   118
  Eat: Bread ration      |     1 |       ||     1
Armor: Animal skin       |     5 |       ||     5
       Leather armour    |    14 |     9 ||    23
Dodge: Dodged            |    63 |    18 ||    81

Table legend:
 A = Spawn XP
 B = Non-spawn XP
 C = Spawn XP percentage of total XP
 D = Spawn monster count
 E = Non-spawn monster count
 F = Spawn count percentage of total count
 G = Total turns spent on level
                    A         B        C        D         E        F      G
               +---------+---------+-------+---------+---------+-------+---------
         Total |       0 |     104 |   0.0 |       0 |      47 |   0.0 |  2318
               +---------+---------+-------+---------+---------+-------+---------
           D:1 |       0 |      34 |   0.0 |       0 |      20 |   0.0 |  1203
           D:2 |       0 |      48 |   0.0 |       0 |      23 |   0.0 |  1061
           D:3 |       0 |      22 |   0.0 |       0 |       4 |   0.0 |    54
               +---------+---------+-------+---------+---------+-------+---------
